Map: Galactic Process LE

Players

NORTHAMERICA

  • Race: Protoss Protoss
  • League: Grandmaster

MeomaikA - Winner!

  • Race: Zerg Zerg
  • League: Grandmaster

VOD

Have the link to the VOD?

Description

Time

  • Played on: Oct. 31, 2016, 11:36 p.m.
  • Length: 7:03
Show
View Real Time Build Order
Export as new Build Order

NORTHAMERICA Protoss 

Build Orders: Nexus First 

Get SALT Encoding   

  12  0:01  Probe (Chrono Boost)  
  13  0:12  Probe (Chrono Boost)  
  14  0:22  Pylon  
  14  0:25  Probe (Chrono Boost)  
  15  0:40  Probe (Chrono Boost)  
  16  0:51  Probe (Chrono Boost)  
  17  1:00  Unknown, Nexus  
  17  1:11  Gateway  
  17  1:14  Probe (Chrono Boost)  
  18  1:23  Assimilator  
  18  1:25  Probe (Chrono Boost)  
  19  1:28  Assimilator  
  19  1:35  Probe (Chrono Boost)  
  20  1:46  Probe (Chrono Boost)  
  21  1:54  Gateway  
  21  1:55  Zealot  
  21  1:58  Pylon  
  23  2:12  Unknown, Cybernetics Core  
  24  2:16  Probe (Chrono Boost)  
  24  2:24  Pylon  
  24  2:28  Zealot  
  28  2:49  Mothership Core (Chrono Boost)  
  29  2:54  Warp Gate  
  29  2:57  Adept  
  29  3:05  Sentry  
  31  3:14  Gateway  
  31  3:22  Gateway  
  31  3:28  Pylon  
  31  3:37  Probe (Chrono Boost)  
  31  3:41  Probe (Chrono Boost), Sentry  
  33  3:45  Sentry  
  38  3:48  Probe (Chrono Boost)  
  38  3:51  Probe (Chrono Boost)  
  39  3:59  Probe (Chrono Boost)  
  39  4:02  Probe (Chrono Boost)  
  41  4:09  Probe (Chrono Boost)  
  42  4:12  Probe (Chrono Boost)  
  42  4:15  Robotics Facility  
  43  4:20  Probe (Chrono Boost)  
  43  4:23  Probe (Chrono Boost)  
  45  4:29  Pylon  
  45  4:30  Probe (Chrono Boost)  
  46  4:34  Probe (Chrono Boost)  
  47  4:41  Probe (Chrono Boost)  
  47  4:44  Probe (Chrono Boost)  
  49  4:49  Twilight Council  
  49  4:51  Forge  
  49  4:52  Probe (Chrono Boost)  
  50  4:55  Probe (Chrono Boost)  
  51  5:02  Probe (Chrono Boost)  
  51  5:05  Probe (Chrono Boost)  
  53  5:08  Unknown, Nexus  
  53  5:10  Pylon  
  53  5:13  Probe (Chrono Boost)  
  54  5:16  Observer  
  54  5:18  Probe (Chrono Boost)  
  54  5:21  Assimilator  
  56  5:22  Resonating Glaives  
  56  5:24  Adept, Probe (Chrono Boost)  
  56  5:25  Adept x2  
  62  5:30  Probe (Chrono Boost)  
  62  5:34  Pylon  
  63  5:38  Gateway  
  63  5:41  Assimilator  
  63  5:46  Probe (Chrono Boost)  
  63  5:48  Probe (Chrono Boost)  
  65  5:50  Gateway  
  65  5:52  Pylon  
  66  5:58  Probe (Chrono Boost)  
  66  6:03  Probe (Chrono Boost)  
  67  6:05  Pylon  
  67  6:07  Pylon  
  67  6:13  Adept, Robotics Bay  
  67  6:14  Adept  
  67  6:15  Gateway  
  69  6:23  Zealot  
  69  6:24  Mothership Core (Chrono Boost)  
  73  6:34  Adept x3  
  77  6:40  Pylon  
  77  6:51  Zealot  
  65  6:56  Cybernetics Core  
  65  6:57  Zealot x2  
Show
View Real Time Build Order
Export as new Build Order

MeomaikA Zerg - Winner!

Build Orders: Pool First 

Get SALT Encoding   

  12  0:00  Drone  
  13  0:08  Drone  
  14  0:16  Overlord  
  14  0:22  Extractor  
  14  0:24  Drone  
  15  0:35  Drone x2  
  17  0:42  Extractor  
  17  0:44  Drone  
  17  0:52  Spawning Pool  
  16  1:10  Drone  
  17  1:16  Drone  
  18  1:31  Unknown, Hatchery  
  17  1:38  Zergling x4  
  17  1:39  Zergling x2  
  20  1:45  Metabolic Boost  
  20  1:54  Queen  
  22  2:02  Overlord  
  22  2:06  Extractor  
  22  2:07  Drone  
  23  2:21  Drone  
  23  2:22  Drone  
  25  2:32  Drone  
  25  2:34  Lair  
  26  2:42  Unknown  
  26  2:45  Drone  
  26  2:46  Drone, Queen  
  30  2:53  Drone  
  30  2:54  Drone  
  32  3:03  Zergling x2  
  32  3:04  Zergling x4  
  35  3:06  Drone  
  35  3:12  Overlord  
  36  3:16  Drone, Extractor  
  36  3:26  Overlord  
  36  3:31  Drone  
  36  3:32  Drone  
  39  3:34  Zergling x2  
  39  3:35  Zergling x2, Hydralisk Den  
  39  3:38  Zergling x2  
  39  3:39  Drone  
  41  3:44  Zergling x2  
  41  3:48  Drone  
  43  3:56  Drone x2  
  43  3:59  Drone  
  43  4:00  Drone x2  
  43  4:01  Zergling x2  
  49  4:04  Muscular Augments  
  49  4:07  Overlord  
  49  4:11  Hydralisk  
  51  4:18  Extractor  
  51  4:19  Zergling x2  
  51  4:20  Overlord  
  51  4:22  Zergling x2  
  52  4:26  Hydralisk  
  52  4:27  Hydralisk  
  52  4:31  Hydralisk  
  56  4:34  Zergling x2  
  56  4:36  Overlord  
  59  4:42  Drone, Overlord  
  60  4:54  Hydralisk x2  
  60  4:55  Hydralisk  
  60  4:59  Drone x2  
  68  5:00  Overlord  
  68  5:03  Zergling x2  
  68  5:05  Zergling x2  
  68  5:06  Zergling x2  
  71  5:09  Hydralisk  
  71  5:12  Hydralisk  
  75  5:18  Hydralisk  
  77  5:25  Hydralisk x2  
  79  5:31  Hydralisk  
  79  5:35  Overlord  
  81  5:36  Zergling x6  
  81  5:41  Overlord  
  84  6:01  Hydralisk x3  
  84  6:02  Hydralisk x2  
  94  6:08  Hydralisk  
  94  6:11  Zergling x8  
  99  6:19  Overlord  
  99  6:22  Unknown, Hatchery  
Tags
 
Add a new tag
Caveats
  • Supply blocks, unpowered buildings, or Contaminate may cause inaccurate times.
  • Supply counts are checked every 10 seconds.